 Dungeon Crawl Stone Soup version 0.29-a0-813-g4a14ea37d6 (webtiles) character file.

Game seed: 4033379369618995750

140 pokeman the Magician (level 5, -1/29 HPs)
             Began as a Deep Elf Hedge Wizard on July 4, 2022.
             Succumbed to an adder's poison
             ... on level 4 of the Dungeon.
             The game lasted 00:05:55 (2781 turns).

pokeman the Magician (Deep Elf Hedge Wizard)        Turns: 2781, Time: 00:05:56

Health: -1/29      AC:  5    Str:  7    XL:     5   Next: 2%
Magic:  5/24       EV: 13    Int: 26    God:
Gold:   140        SH:  0    Dex: 14    Spells: 5/16 levels left

rFire   . . .      SeeInvis .   u - +0 war axe
rCold   . . .      Faith    .   (no shield)
rNeg    + . .      Spirit   .   w - +1 robe "Unyrphull" {Contam Will+ Int+5}
rPois   .          Reflect  .   p - +0 helmet
rElec   .          Harm     .   (no cloak)
rCorr   .          Rampage  .   (no gloves)
Will    +....                   j - +0 pair of boots
Stlth   +.........              (no amulet)
HPRegen 0.09/turn               m - ring of magical power
MPRegen 0.19/turn               t - ring of positive energy

@: lethally poisoned (-1 -> -7), very slow
A: no striking features
a: no special abilities


You were on level 4 of the Dungeon.
You visited 1 branch of the dungeon, and saw 4 of its levels.

You collected 140 gold pieces.

Inventory:

Hand Weapons
 u - a +0 war axe (weapon)
Armour
 j - a +0 pair of boots (worn)
 p - a +0 helmet (worn)
 w - the +1 robe "Unyrphull" (worn) {Contam Will+ Int+5}
   (You found it on level 3 of the Dungeon)

   Int:       It affects your intelligence (+5).
   Contam:    It causes magical contamination when unequipped.
   Will:      It increases your willpower.
Jewellery
 m - a ring of magical power (left hand)
 t - a ring of positive energy (right hand)
 v - a ring of positive energy
Scrolls
 a - a scroll of immolation {unknown}
 e - a scroll of fog {unknown}
 g - a scroll of enchant weapon {unknown}
 h - a scroll of torment {unknown}
 k - a scroll of amnesia {unknown}
 o - 5 scrolls of identify {unknown}
 r - a scroll of teleportation {unknown}
Potions
 b - a potion of mutation {unknown}
 c - 2 potions of resistance {unknown}
 d - a potion of magic
 f - a potion of lignification {unknown}
 i - 4 potions of curing {unknown}
 l - a potion of flight {unknown}
 n - a potion of haste {unknown}
 q - 2 potions of cancellation {unknown}
 s - a potion of might {unknown}
 x - a potion of degeneration {unknown}


   Skills:
 - Level 1.0 Fighting
 - Level 1.0 Armour
 - Level 3.0 Dodging
 - Level 3.0 Stealth
 * Level 6.0 Spellcasting
 + Level 2.5 Conjurations
 - Level 1.1 Summonings
 - Level 1.1 Translocations
 + Level 0.0 Fire Magic
 + Level 0.1 Air Magic


You had 5 spell levels left.
You knew the following spells:

 Your Spells              Type           Power      Damage    Failure   Level
a - Magic Dart            Conj           84%        1d7       2%          1
b - Mephitic Cloud        Conj/Pois/Air  12%        N/A       14%         3
c - Call Imp              Summ           13%        N/A       7%          2
d - Blink                 Tloc           26%        N/A       7%          2
e - Conjure Flame         Conj/Fire      14%        6-21      12%         3

Your spell library contained the following spells:

 Spells                   Type           Power      Damage    Failure   Level
 Slow                     Hex            28%        N/A       7%          1
 Ozocubu's Armour         Ice            7%         N/A       21%         3
 Ozocubu's Refrigeration  Ice            3%         4d5       100%        7


Dungeon Overview and Level Annotations

Branches:
Dungeon (4/15)
 Temple: D:4-7

Altars:
Sif Muna
Wu Jian

Portals:
Sewer: D:4


Message History

Aiming: Magic Dart (safe; 2% risk of failure)
Press: ? - help, Shift-Dir - straight line, f - kobold, p - scorpion
Aim: a kobold, wielding a +0 short sword (100% to hit)
The magic dart hits the kobold.
You kill the kobold!
You hear a splash.
The scorpion is engulfed in noxious fumes.
The scorpion appears confused.
The scorpion seems to be having trouble coordinating all eight of its legs.
Unknown command.
The hound bites you.
* * * LOW HITPOINT WARNING * * *
The hound closely misses itself.
The scorpion is engulfed in noxious fumes.
The scorpion appears confused.
The adder bites the hound.
You barely miss the hound.
The hound is lightly wounded.
You hit the adder. The adder bites you but does no damage.
The adder bites the hound.
The hound is poisoned.
The adder poisons the hound!
An adder comes into view.
A goblin comes into view. It is wielding a +0 club.
The scorpion misses you.
You enter the shallow water.
Moving in this stuff is going to be slow.
Found a glowing drain.
The scorpion stings the adder.
The adder closely misses you.
Things that are here:
a +0 short sword; a kobold corpse The adder bites you.
* * * LOW HITPOINT WARNING * * *
You are lethally poisoned!
The adder poisons you!
Casting: Magic Dart (safe; 2% risk of failure)
Confirm with . or Enter, or press ? or * to list all spells.
A beastly little devil appears in a puff of frigid air.
* * * LOW HITPOINT WARNING * * *
You feel sick. The adder bites you but does no damage.
Unknown command.
You swap places.
You die...

##..#.......##...
.......<..###.g... ..#..
................... ..#..
..................# ....
..>.......>o###...#
##..##..........g.!#.....
#...g....................
#.##..s.##########o...#...
........S5@≈≈≈≈∩≈#...## ..
...###.##########.[###..
###.......#..........#
##.##....)#...#........#..
........###.....$.....##
....h......r...#.....##
.........#.!...####....
...............# ##...
................# ....


You could see a scorpion (confused), an adder (ally target) and a friendly white
imp (summoned).

Vanquished Creatures
  Jessica (D:2)
  4 adders
  2 worms
  3 dart slugs
  An orc (D:4)
  4 ball pythons (D:1)
  6 bats
  6 endoplasms
  A giant cockroach (D:1)
  8 goblins
  4 hobgoblins
  5 jackals
  2 quokkas
  4 frilled lizards
  6 kobolds
  9 rats
66 creatures vanquished.

Notes
Turn   | Place    | Note
-------+----------+-------------------------------------------
     0 | D:1      | pokeman the Deep Elf Hedge Wizard began the quest for the
                  | Orb.
     0 | D:1      | Reached XP level 1. HP: 10/10 MP: 7/7
   233 | D:1      | Reached XP level 2. HP: 10/15 MP: 0/9
   707 | D:1      | Reached skill level 5 in Spellcasting
   817 | D:1      | Reached XP level 3. HP: 20/20 MP: 5/11
   821 | D:1      | Learned a level 3 spell: Mephitic Cloud
   824 | D:1      | Learned a level 2 spell: Call Imp
   827 | D:1      | Learned a level 2 spell: Blink
   831 | D:1      | Learned a level 3 spell: Conjure Flame
  1456 | D:2      | Reached skill level 1 in Armour
  1562 | D:2      | Reached skill level 1 in Fighting
  1931 | D:2      | Reached XP level 4. HP: 22/25 MP: 13/13
  2024 | D:2      | Noticed Jessica
  2028 | D:2      | Killed Jessica
  2498 | D:3      | Found a shimmering blue altar of Sif Muna.
  2577 | D:3      | Found an ornate altar of the Wu Jian Council.
  2577 | D:3      | Identified the +1 robe "Unyrphull" {Contam Will+ Int+5}
  2757 | D:4      | Reached skill level 6 in Spellcasting
  2757 | D:4      | Reached XP level 5. HP: 11/29 MP: 15/15
  2778 | D:4      | Found a glowing drain.
  2780 | D:4      | HP: 1/29 [poisoned by an adder]
  2781 | D:4      | Succumbed to an adder's poison

Illustrated notes

Levels and vault maps discovered:
D:1:      scummos_arrival_forest, layout_basic
D:2:      layout_rooms, kennysheep_generic_room_9, uniq_jessica
D:3:      layout_rooms, nicolae_wu_jian_wuxing_cycle, led_sif_pool,
          corexii_leaking_fountain, columned_hall_lemuel
D:4:      layout_cave_pools, portal_sewer_entry_d

Skill      XL: |  1  2  3  4 |
---------------+-------------+-----
Spellcasting   | 5 6 |  6.0
Armour         | 1 |  1.0
Fighting       | 1 |  1.0
Conjurations   | 2 |  2.5
Dodging        | 3 |  3.0
Stealth        | 3 |  3.0
Summonings     | |  1.1
Translocations | |  1.1
Air Magic      | |  0.1

Action                   |  1- 3 |  4- 6 || total
-------------------------+-------+-------++-------
Melee: Dagger            |     5 |       ||     5
       War axe           |       |     4 ||     4
 Cast: Magic Dart        |   122 |    38 ||   160
       Mephitic Cloud    |     1 |     7 ||     8
       Call Imp          |       |     1 ||     1
Armor: Robe              |     2 |     7 ||     9
Dodge: Dodged            |    11 |    19 ||    30

Table legend: (Time is in decaauts)
 A = Elapsed time spent in this place.
 B = Non-inter-level travel time spent in this place.
 C = Inter-level travel time spent in this place.
 D = Time resting spent in this place.
 E = Time spent auto-exploring this place.
 F = Levels seen in this place.
 G = Mean time per level.
                   A        B        C        D        E       F      G
               +--------+--------+--------+--------+--------+-----+--------+
         Total |   2783 |   2727 |     56 |      3 |   2293 |   4 |  695.8 |
       Dungeon |   2783 |   2727 |     56 |      3 |   2293 |   4 |  695.8 |
               +--------+--------+--------+--------+--------+-----+--------+

Top non-repeatable levels by time:
     D:1: 1451 daAuts
     D:2: 702 daAuts
     D:3: 588 daAuts
     D:4: 40 daAuts
